 Dungeon Crawl Stone Soup version 0.27-a0-1060-gcb85b5eba1 (webtiles) character file.

Game seed: 265984311352987776

142 Ijustatesigmund the Skirmisher (level 5, -4/42 HPs)
             Began as a Demonspawn Fighter on Apr 21, 2021.
             Slain by Crazy Yiuf
             ... wielding a +3 quarterstaff of chaos
              (10 damage)
             ... on level 3 of the Dungeon.
             The game lasted 00:02:55 (1941 turns).

Ijustatesigmund the Skirmisher (Demonspawn Fighter) Turns: 1941, Time: 00:02:56

Health: -4/42      AC: 11    Str: 16    XL:     5   Next: 4%
Magic:  5/5        EV:  4    Int: 10    God:
Gold:   73         SH:  8    Dex: 13    Spells: 4/4 levels left

rFire    . . .     SeeInvis .   a - +1 war axe
rCold    . . .     Faith    .   c - +0 kite shield
rNeg     . . .     Spirit   .   b - +0 chain mail
rPois    .         Reflect  .   (helmet restricted)
rElec    .         Harm     .   o - +0 cloak
rCorr    .         Rampage  .   (no gloves)
Will     .....                  f - +0 pair of boots
Stlth    ..........             (no amulet)
HPRegen  0.14/turn              (no ring)
MPRegen  0.09/turn              (no ring)

@: mighty, very slightly contaminated, hasted, invisible, very quick
A: horns 1, powered by pain 2
a: no special abilities


You were on level 3 of the Dungeon.
You visited 1 branch of the dungeon, and saw 3 of its levels.

You collected 73 gold pieces.

Inventory:

Hand Weapons
 a - a +1 war axe (weapon)
Armour
 b - a +0 chain mail (worn)
 c - a +0 kite shield (worn)
 f - a +0 pair of boots (worn)
 o - a +0 cloak (worn)
Wands
 e - a wand of polymorph (2)
Potions
 d - 3 potions of might
 g - 2 potions of flight
 h - a potion of mutation {unknown}
 i - a potion of attraction {unknown}
 j - a potion of degeneration {unknown}
 l - 2 potions of cancellation {unknown}
 n - a potion of curing {unknown}


   Skills:
 + Level 3.8 Fighting
 * Level 3.6 Axes
 - Level 2.6 Armour
 + Level 1.8 Dodging
 - Level 2.6 Shields


You had 4 spell levels left.
You didn't know any spells.
Your spell library contained the following spells:

 Spells                   Type           Power      Damage    Failure   Level
 Beastly Appendage        Tmut           0%         N/A       100%        1
 Wereblood                Tmut           0%         N/A       100%        2
 Spider Form              Tmut/Pois      0%         N/A       100%        3
 Ice Form                 Ice/Tmut       0%         N/A       100%        4
 Hydra Form               Tmut           0%         N/A       100%        5


Dungeon Overview and Level Annotations

Branches:
Dungeon (3/15)

Altars:
Gozag
Makhleb
Uskayaw

Annotations:
D:3 Crazy Yiuf


Innate Abilities, Weirdness & Mutations

You have a pair of small horns on your head.
You sometimes gain power by taking damage.


Message History

Found a mace.
Found a runed translucent door.
Crazy Yiuf shouts!
As you open the door, it creaks loudly!
Your shield and chain mail prevent you from hitting Crazy Yiuf.
You headbutt Crazy Yiuf.
Crazy Yiuf is lightly wounded.
Crazy Yiuf hits you with a +3 quarterstaff of chaos.
You convulse.
You block Crazy Yiuf's attack.
You closely miss Crazy Yiuf.
Crazy Yiuf is lightly wounded.
You block Crazy Yiuf's attack.
You hit Crazy Yiuf. You headbutt Crazy Yiuf.
Crazy Yiuf is moderately wounded.
Crazy Yiuf hits you with a +3 quarterstaff of chaos.
You fade into invisibility!
You are very lightly contaminated with residual magic.
Crazy Yiuf hits you with a +3 quarterstaff of chaos!
Crazy Yiuf burns you.
You closely miss Crazy Yiuf.
Crazy Yiuf is moderately wounded.
You block Crazy Yiuf's attack.
Crazy Yiuf hits you with a +3 quarterstaff of chaos.
Crazy Yiuf freezes you.
You closely miss Crazy Yiuf. You headbutt Crazy Yiuf.
Crazy Yiuf is heavily wounded.
You block Crazy Yiuf's attack.
You barely miss Crazy Yiuf.
Crazy Yiuf is heavily wounded.
Crazy Yiuf hits you with a +3 quarterstaff of chaos!
* * * LOW HITPOINT WARNING * * *
Crazy Yiuf whimpers, "Nubble!
Key water sizzlefizz."
You block Crazy Yiuf's attack.
You feel very mighty all of a sudden.
Crazy Yiuf hits you with a +3 quarterstaff of chaos.
* * * LOW HITPOINT WARNING * * *
You feel yourself speed up.
You hit Crazy Yiuf.
Crazy Yiuf is severely wounded.
Crazy Yiuf hits you with a +3 quarterstaff of chaos!
You die...

####### **### #.....## ###..)#
#......####@g...#
#.......#..##...#
#.#....#.###**### ###.########
#...# ********
####.#.#**##******* **,,,,,,*
^..#.#.#.#.......,*****,,,,,,,###
.#.#.#>.........,..,,,,,,,,,,,...
.#...#.#.#.....##.#***********###


You could see Crazy Yiuf.

Vanquished Creatures
  Ijyb (D:3)
  An adder (D:2)
  4 gnolls (D:2)
  A dart slug (D:1)
  9 ball pythons
  8 bats
  3 endoplasms
  A giant cockroach (D:2)
  7 hobgoblins
  8 jackals
  4 kobolds
  2 quokkas (D:3)
  3 frilled lizards
  8 goblins
  5 rats
65 creatures vanquished.

Notes
Turn   | Place    | Note
-------+----------+-------------------------------------------
     0 | D:1      | Ijustatesigmund the Demonspawn Fighter began the quest for
                  | the Orb.
     0 | D:1      | Reached XP level 1. HP: 18/18 MP: 1/1
    56 | D:1      | Found a faded altar of an unknown god.
   289 | D:1      | Gained mutation: You have a pair of small horns on your
                  | head. [demonic ancestry]
   289 | D:1      | Reached XP level 2. HP: 19/24 MP: 2/2
   723 | D:1      | Reached skill level 1 in Dodging
   773 | D:1      | Gained mutation: You sometimes gain a little power by
                  | taking damage. [demonic ancestry]
   773 | D:1      | Reached XP level 3. HP: 27/29 MP: 3/3
  1178 | D:2      | Gained mutation: You sometimes gain power by taking damage.
                  | [demonic ancestry]
  1178 | D:2      | Reached XP level 4. HP: 27/35 MP: 4/4
  1656 | D:3      | Noticed Ijyb
  1664 | D:3      | Killed Ijyb
  1756 | D:3      | Found a hide-covered altar of Uskayaw.
  1817 | D:3      | Reached XP level 5. HP: 37/42 MP: 5/5
  1858 | D:3      | Found a burning altar of Makhleb.
  1859 | D:3      | Found an opulent altar of Gozag.
  1929 | D:3      | Found a runed translucent door.
  1930 | D:3      | Noticed Crazy Yiuf
  1941 | D:3      | Slain by Crazy Yiuf

Illustrated notes

Levels and vault maps discovered:
D:1:      ebering_trefoil_twist, layout_loops_ring,
          ebering_ecumenical_altar_webs, hangedman_decor_slide_cut
D:2:      layout_rooms, minmay_tree_intersection
D:3:      layout_basic, overflow_temple_1_default, minitemple, uniq_grinder,
          uniq_crazy_yiuf_cottage, uniq_ijyb

Skill      XL: |  1  2  3 |
---------------+----------+-----
Axes           | 2 3 |  3.6
Dodging        | 1 |  1.8
Fighting       | |  3.8
Armour         | |  2.6
Shields        | |  2.6

Action                   |  1- 3 |  4- 6 || total
-------------------------+-------+-------++-------
Melee: War axe           |    87 |    61 ||   148
       Headbutt          |     6 |    11 ||    17
       Unarmed           |       |    12 ||    12
  Use: Scroll            |       |     4 ||     4
       Potion            |       |     1 ||     1
 Stab: Confused          |       |     1 ||     1
Armor: Chain mail        |    65 |    47 ||   112
       Scale mail        |     3 |       ||     3
       Skin              |       |     2 ||     2
Dodge: Dodged            |    14 |    17 ||    31
Block: Kite shield       |    45 |    34 ||    79

Table legend: (Time is in decaauts)
 A = Elapsed time spent in this place.
 B = Non-inter-level travel time spent in this place.
 C = Inter-level travel time spent in this place.
 D = Time resting spent in this place.
 E = Time spent auto-exploring this place.
 F = Levels seen in this place.
 G = Mean time per level.
                   A        B        C        D        E       F      G
               +--------+--------+--------+--------+--------+-----+--------+
         Total |   2038 |   2021 |     17 |    156 |   1390 |   3 |  679.3 |
       Dungeon |   2038 |   2021 |     17 |    156 |   1390 |   3 |  679.3 |
               +--------+--------+--------+--------+--------+-----+--------+

Top non-repeatable levels by time:
     D:1: 915 daAuts
     D:2: 639 daAuts
     D:3: 483 daAuts
